PR
TWINSBURG TIGERS @ REDWOOD RHINOS
08/16/2042
 
TOP OF THE 1ST
Twinsburg Tigers batting - Pitching for Redwood Rhinos : RHP Noah Olinger
Pitching: RHP Noah Olinger
Batting: LHB Keith Garner 0-0: Called Strike
0-1: Ball
1-1: Foul Ball, location: 2F
1-2: Foul Ball, location: 2F
1-2: Ball
2-2: Ball
3-2: Base on Balls
Batting: RHB Roland Thomas 0-0: Foul Ball, location: 2F
0-1: SINGLE (Flyball, 89S, EV 90.6 MPH)
Keith Garner to second
Batting: SHB Sherwin Tacod 0-0: Ball
1-0: Foul Ball, location: 2F
1-1: Foul Ball, location: 2F
1-2: Ball
2-2: Foul Ball, location: 2F
2-2: Ball
3-2: Fly out, F8 (Line Drive, 8RD, EV 88.1 MPH)
Batting: LHB Ole Geenen 0-0: Called Strike
0-1: Foul Ball, location: 2F
0-2: Foul Ball, location: 2F
0-2: Ball
1-2: Ball
2-2: Strikes out swinging
Batting: RHB Art Hensley 0-0: Ball
1-0: Ball
2-0: Called Strike
2-1: Foul Ball, location: 2F
2-2: Foul Ball, location: 2F
2-2: Ball
3-2: Foul Ball, location: 2F
3-2: Foul Ball, location: 2F
3-2: Foul Ball, location: 2F
3-2: 3-RUN HOME RUN (Flyball, 7D, EV 101.9 MPH), Distance : 353 ft
Batting: LHB Ray Winters 0-0: DOUBLE (Line Drive, 89M, EV 98.1 MPH)
Batting: RHB Aaron Carter 0-0: Called Strike
0-1: Called Strike
0-2: Ball
1-2: Strikes out swinging
Top of the 1st over - 3 runs, 3 hits, 0 errors, 1 left on base; Twinsburg 3 - Redwood 0
BOTTOM OF THE 1ST
Redwood Rhinos batting - Pitching for Twinsburg Tigers : RHP Kevin Pearce
Pitching: RHP Kevin Pearce
Batting: RHB Roy MacDonald 0-0: Bunted foul
0-1: SINGLE (Groundball, 56D, EV 97.5 MPH)
Batting: LHB Stan Daniels 0-0: Ball
1-0: Fly out, F7 (Flyball, 7, EV 83.1 MPH)
Batting: SHB Ralph Ludwig 0-0: Ball
1-0: Ball
2-0: Fielders Choice at 2nd, 1-6 (Groundball, 13, EV 70.6 MPH)
Batting: RHB José Medina 0-0: SINGLE (Groundball, 3D, EV 95.0 MPH)
Ralph Ludwig to second
Runner from 2nd tries for 3rd, SAFE, no throw by RF
Batting: RHB Scott Fletcher 0-0: Called Strike
José Medina steals 2nd base
0-1: Ball
1-1: Ball
2-1: Called Strike
2-2: Foul Ball, location: 2F
2-2: Ball
3-2: DOUBLE (Groundball, 5L, EV 106.2 MPH)
Ralph Ludwig scores
José Medina scores
Batting: LHB Nicholas Sullivan 0-0: Swinging Strike
0-1: SINGLE (Line Drive, 5D, EV 100.0 MPH)
Scott Fletcher to third
Runner from 3rd tries for Home, throw by LF and OUT! 7-2
Bottom of the 1st over - 2 runs, 4 hits, 0 errors, 1 left on base; Twinsburg 3 - Redwood 2
TOP OF THE 2ND
Twinsburg Tigers batting - Pitching for Redwood Rhinos : RHP Noah Olinger
Batting: RHB Ernie Lewis 0-0: Ball
1-0: Ball
2-0: DOUBLE (Line Drive, 9LD, EV 104.4 MPH)
Batting: RHB Keith Wilfred 0-0: Ball
1-0: Ball
2-0: Foul Ball, location: 2F
2-1: SINGLE (Line Drive, 4D, EV 96.9 MPH)
Ernie Lewis to third
Batting: LHB Keith Garner 0-0: Called Strike
0-1: Ball
1-1: Foul Ball, location: 2F
1-2: Foul Ball, location: 2F
1-2: Ball
2-2: Ball
3-2: Fly out, F8 (Flyball, 78M, EV 92.5 MPH)
Batting: RHB Roland Thomas 0-0: Called Strike
0-1: Ball
1-1: Foul Ball, location: 2F
1-2: Ball
2-2: Ball
3-2: Grounds into double play, 6-4-3 (Groundball, 6M, EV 85.6 MPH)
Top of the 2nd over - 0 runs, 2 hits, 0 errors, 1 left on base; Twinsburg 3 - Redwood 2
BOTTOM OF THE 2ND
Redwood Rhinos batting - Pitching for Twinsburg Tigers : RHP Kevin Pearce
Batting: RHB Derek Leyva 0-0: Foul Ball, location: 2F
0-1: DOUBLE (Line Drive, 9LM, EV 115.0 MPH)
Batting: RHB Jimmy Cooper 0-0: Ball
1-0: Called Strike
1-1: SINGLE (Groundball, 5, EV 83.8 MPH) (infield hit)
Derek Leyva to third
Batting: RHB Joseph Moore 0-0: Swinging Strike
0-1: Foul Ball, location: 2F
0-2: Foul Ball, location: 2F
0-2: Ball
1-2: Strikes out swinging
Batting: RHB Roy MacDonald 0-0: Called Strike
0-1: Called Strike
0-2: Ball
1-2: Ball
2-2: Strikes out swinging
Batting: LHB Stan Daniels 0-0: Called Strike
0-1: Ball
1-1: Foul Ball, location: 2F
1-2: Foul Ball, location: 2F
1-2: Ball
2-2: Foul Ball, location: 2F
2-2: Foul Ball, location: 2F
2-2: Ball
3-2: Ground out 4-3 (Groundball, 4, EV 83.8 MPH)
Bottom of the 2nd over - 0 runs, 2 hits, 0 errors, 2 left on base; Twinsburg 3 - Redwood 2
TOP OF THE 3RD
Twinsburg Tigers batting - Pitching for Redwood Rhinos : RHP Noah Olinger
Batting: SHB Sherwin Tacod 0-0: Called Strike
0-1: Swinging Strike
0-2: Ball
1-2: Fly out, F9 (Line Drive, 9, EV 103.8 MPH)
Batting: LHB Ole Geenen 0-0: Ball
1-0: Called Strike
1-1: Ball
2-1: Ball
3-1: Base on Balls
Batting: RHB Art Hensley 0-0: Called Strike
0-1: Swinging Strike
0-2: Foul Ball, location: 2F
0-2: Ball
1-2: Ball
Wild Pitch!
Ole Geenen to second
2-2: Strikes out swinging
Batting: LHB Ray Winters 0-0: Called Strike
0-1: Ground out 4-3 (Groundball, 4M, EV 78.8 MPH)
Top of the 3rd over - 0 runs, 0 hits, 0 errors, 1 left on base; Twinsburg 3 - Redwood 2
BOTTOM OF THE 3RD
Redwood Rhinos batting - Pitching for Twinsburg Tigers : RHP Kevin Pearce
Batting: SHB Ralph Ludwig 0-0: Called Strike
0-1: Ball
1-1: Foul Ball, location: 2F
1-2: SINGLE (Groundball, 56D, EV 99.4 MPH)
Batting: RHB José Medina 0-0: Ball
1-0: Swinging Strike
1-1: Foul Ball, location: 2F
1-2: Foul Ball, location: 2F
1-2: Foul Ball, location: 2F
1-2: Foul Ball, location: 2F
1-2: SINGLE (Groundball, 4D, EV 99.4 MPH)
Ralph Ludwig to second
Runner from 2nd tries for 3rd, SAFE, throw by RF made to third
Batting: RHB Scott Fletcher 0-0: Ball
1-0: Foul Ball, location: 2F
1-1: Ball
2-1: Swinging Strike
2-2: Strikes out looking
Batting: LHB Nicholas Sullivan 0-0: Called Strike
0-1: Foul Ball, location: 2F
0-2: Foul Ball, location: 2F
0-2: Ball
1-2: Foul Ball, location: 2F
1-2: Ball
2-2: Foul Ball, location: 2F
2-2: Foul Ball, location: 2F
2-2: Ball
3-2: Foul Ball, location: 2F
3-2: Strikes out swinging
Batting: RHB Derek Leyva Pickoff Throw to First - Out! 1-3
Bottom of the 3rd over - 0 runs, 2 hits, 0 errors, 1 left on base; Twinsburg 3 - Redwood 2
TOP OF THE 4TH
Twinsburg Tigers batting - Pitching for Redwood Rhinos : RHP Noah Olinger
Batting: RHB Aaron Carter 0-0: Ground out 6-3 (Groundball, 56, EV 82.5 MPH)
Batting: RHB Ernie Lewis 0-0: Called Strike
0-1: Ground out 6-3 (Groundball, 56, EV 101.2 MPH)
Batting: RHB Keith Wilfred 0-0: Ball
1-0: Ball
2-0: Ball
3-0: Called Strike
3-1: Foul Ball, location: 2F
3-2: Ground out 1-3 (Groundball, 13, EV 71.9 MPH)
Top of the 4th over - 0 runs, 0 hits, 0 errors, 0 left on base; Twinsburg 3 - Redwood 2
BOTTOM OF THE 4TH
Redwood Rhinos batting - Pitching for Twinsburg Tigers : RHP Kevin Pearce
Batting: RHB Derek Leyva 0-0: Swinging Strike
0-1: Foul Ball, location: 2F
0-2: Ball
1-2: Ball
2-2: Strikes out swinging
Batting: RHB Jimmy Cooper 0-0: Ball
1-0: Ball
2-0: Swinging Strike
2-1: Called Strike
2-2: DOUBLE (Groundball, 5L, EV 95.6 MPH)
Batting: RHB Joseph Moore 0-0: Ball
1-0: Fly out, F6 (Line Drive, 6, EV 65.0 MPH)
Batting: RHB Roy MacDonald 0-0: Called Strike
0-1: Fly out, F7 (Flyball, 7, EV 75.0 MPH)
Bottom of the 4th over - 0 runs, 1 hit, 0 errors, 1 left on base; Twinsburg 3 - Redwood 2
TOP OF THE 5TH
Twinsburg Tigers batting - Pitching for Redwood Rhinos : RHP Noah Olinger
Batting: LHB Keith Garner 0-0: Called Strike
0-1: Ball
1-1: Swinging Strike
1-2: Strikes out swinging
Batting: RHB Roland Thomas 0-0: Called Strike
0-1: Ball
1-1: Foul Ball, location: 2F
1-2: Foul Ball, location: 2F
1-2: Ball
2-2: Strikes out looking
Batting: SHB Sherwin Tacod 0-0: Called Strike
0-1: Ball
1-1: Ball
2-1: Ball
3-1: Fly out, F8 (Flyball, 8LM, EV 79.4 MPH)
Top of the 5th over - 0 runs, 0 hits, 0 errors, 0 left on base; Twinsburg 3 - Redwood 2
BOTTOM OF THE 5TH
Redwood Rhinos batting - Pitching for Twinsburg Tigers : RHP Kevin Pearce
Batting: LHB Stan Daniels 0-0: Called Strike
0-1: Called Strike
0-2: Fly out, F8 (Flyball, 78XD, EV 81.9 MPH)
Batting: SHB Ralph Ludwig 0-0: Called Strike
0-1: Foul Ball, location: 2F
0-2: Ball
1-2: Ground out U3 (Groundball, 34, EV 106.9 MPH)
Batting: RHB José Medina 0-0: Ball
1-0: Ball
2-0: Fly out, F9 (Flyball, 89M, EV 73.8 MPH)
Bottom of the 5th over - 0 runs, 0 hits, 0 errors, 0 left on base; Twinsburg 3 - Redwood 2
TOP OF THE 6TH
Twinsburg Tigers batting - Pitching for Redwood Rhinos : RHP Noah Olinger
Batting: LHB Ole Geenen 0-0: Ball
1-0: Foul Ball, location: 2F
1-1: Ball
2-1: Called Strike
2-2: Ball
3-2: Ground out U3 (Groundball, 3, EV 89.4 MPH)
Batting: RHB Art Hensley 0-0: Foul Ball, location: 2F
0-1: Fly out, F5 (Line Drive, 5, EV 71.2 MPH)
Batting: LHB Ray Winters 0-0: Ball
1-0: Fly out, F7 (Line Drive, 7D, EV 101.9 MPH)
Top of the 6th over - 0 runs, 0 hits, 0 errors, 0 left on base; Twinsburg 3 - Redwood 2
BOTTOM OF THE 6TH
Redwood Rhinos batting - Pitching for Twinsburg Tigers : RHP Kevin Pearce
Batting: RHB Scott Fletcher 0-0: Swinging Strike
0-1: Ball
1-1: Foul Ball, location: 2F
1-2: Ball
2-2: Strikes out looking
Batting: LHB Nicholas Sullivan 0-0: Swinging Strike
0-1: Ball
1-1: Ground out U3 (Groundball, 3L, EV 96.2 MPH)
Batting: RHB Derek Leyva 0-0: Ball
1-0: DOUBLE (Line Drive, 89M, EV 91.2 MPH)
Batting: RHB Jimmy Cooper 0-0: Foul Ball, location: 2F
0-1: Foul Ball, location: 2F
0-2: Foul Ball, location: 2F
0-2: Foul Ball, location: 2F
0-2: Ball
1-2: Ground out 6-3 (Groundball, 6, EV 82.5 MPH)
Bottom of the 6th over - 0 runs, 1 hit, 0 errors, 1 left on base; Twinsburg 3 - Redwood 2
TOP OF THE 7TH
Twinsburg Tigers batting - Pitching for Redwood Rhinos : RHP Noah Olinger
Pitching: RHP Tim Buck
Batting: RHB Aaron Carter 0-0: Ball
1-0: Ball
2-0: Fly out, F7 (Flyball, 7LS, EV 96.2 MPH)
Batting: RHB Ernie Lewis 0-0: Called Strike
0-1: Swinging Strike
0-2: Ball
1-2: Ball
2-2: SINGLE (Flyball, 89M, EV 95.6 MPH)
Batting: RHB Keith Wilfred 0-0: Ball
1-0: Ground out U3 (Groundball, 34, EV 84.4 MPH)
Ernie Lewis to second
Batting: LHB Keith Garner 0-0: Foul Ball, location: 2F
0-1: Ball
1-1: DOUBLE (Line Drive, 7LM, EV 102.5 MPH)
Ernie Lewis scores
Batting: RHB Roland Thomas 0-0: Ball
1-0: Fly out, F7 (Flyball, 7D, EV 100.0 MPH)
Top of the 7th over - 1 run, 2 hits, 0 errors, 1 left on base; Twinsburg 4 - Redwood 2
BOTTOM OF THE 7TH
Redwood Rhinos batting - Pitching for Twinsburg Tigers : RHP Kevin Pearce
Pitching: RHP Ming-hoa Ngui
Now at 3B: Tim Davis
Now in RF: Alex Kelley
Batting: RHB Joseph Moore 0-0: Foul Ball, location: 2F
0-1: Swinging Strike
0-2: Foul Ball, location: 2F
0-2: Foul Ball, location: 2F
0-2: Foul Ball, location: 2F
0-2: Ball
1-2: Strikes out swinging
Batting: RHB Roy MacDonald 0-0: SINGLE (Groundball, 15S, EV 66.9 MPH) (infield hit)
Batting: LHB Stan Daniels 0-0: Ball
1-0: Ball
2-0: Foul Ball, location: 2F
2-1: Foul Ball, location: 2F
2-2: Strikes out swinging
Batting: SHB Ralph Ludwig Pickoff Throw to First - Error! E1
Roy MacDonald to second
0-0: Ground out 6-3 (Groundball, 6, EV 105.6 MPH)
Bottom of the 7th over - 0 runs, 1 hit, 1 error, 1 left on base; Twinsburg 4 - Redwood 2
TOP OF THE 8TH
Twinsburg Tigers batting - Pitching for Redwood Rhinos : RHP Tim Buck
Batting: SHB Sherwin Tacod 0-0: Ball
1-0: Ball
2-0: Called Strike
2-1: Foul Ball, location: 2F
2-2: Strikes out swinging
Batting: LHB Ole Geenen 0-0: Ball
1-0: Called Strike
1-1: Foul Ball, location: 2F
1-2: Ball
2-2: Fly out, F6 (Popup, 56, EV 58.1 MPH)
Batting: RHB Art Hensley 0-0: Ball
1-0: Called Strike
1-1: Ball
2-1: Ball
3-1: Base on Balls
Batting: LHB Ray Winters 0-0: Ball
1-0: Ball
2-0: Called Strike
2-1: SINGLE (Groundball, 34, EV 102.5 MPH) (infield hit)
Art Hensley to second
Batting: RHB Aaron Carter 0-0: Foul Ball, location: 2F
0-1: Fly out, F5 (Popup, 5F, EV 61.2 MPH)
Top of the 8th over - 0 runs, 1 hit, 0 errors, 2 left on base; Twinsburg 4 - Redwood 2
BOTTOM OF THE 8TH
Redwood Rhinos batting - Pitching for Twinsburg Tigers : RHP Ming-hoa Ngui
Batting: RHB José Medina 0-0: Swinging Strike
0-1: Ground out U3 (Groundball, 34, EV 98.1 MPH)
Batting: RHB Scott Fletcher 0-0: Swinging Strike
0-1: Fly out, F9 (Line Drive, 9, EV 90.0 MPH)
Batting: LHB Nicholas Sullivan 0-0: Called Strike
0-1: Ball
1-1: Ball
2-1: Foul Ball, location: 2F
2-2: Strikes out looking
Bottom of the 8th over - 0 runs, 0 hits, 0 errors, 0 left on base; Twinsburg 4 - Redwood 2
TOP OF THE 9TH
Twinsburg Tigers batting - Pitching for Redwood Rhinos : RHP Tim Buck
Pitching: RHP Tommy Moore
Batting: RHB Ernie Lewis 0-0: Called Strike
0-1: SINGLE (Groundball, 56D, EV 101.2 MPH)
Batting: RHB Keith Wilfred 0-0: Sac Bunt to 3S - play at first, batter OUT! 3-4
Ernie Lewis to second
Batting: RHB Alex Kelley 0-0: Intentional Walk
Batting: RHB Tim Davis 0-0: Ball
1-0: Swinging Strike
1-1: Grounds into double play, 6-4-3 (Groundball, 6, EV 105.0 MPH)
Top of the 9th over - 0 runs, 1 hit, 0 errors, 1 left on base; Twinsburg 4 - Redwood 2
BOTTOM OF THE 9TH
Redwood Rhinos batting - Pitching for Twinsburg Tigers : RHP Ming-hoa Ngui
Pitching: LHP Steve Dimond
Batting: RHB Derek Leyva 0-0: Ball
1-0: Called Strike
1-1: Called Strike
1-2: Ball
2-2: Strikes out swinging
Batting: RHB Jimmy Cooper 0-0: Ball
1-0: Called Strike
1-1: Ball
2-1: Ground out 6-3 (Groundball, 6, EV 85.6 MPH)
Batting: RHB Joseph Moore 0-0: Ball
1-0: Fly out, F8 (Flyball, 8RM, EV 87.5 MPH)
Bottom of the 9th over - 0 runs, 0 hits, 0 errors, 0 left on base; Twinsburg 4 - Redwood 2
Friday, March 26th, 2021 - OOTP Baseball 20.8 Build 74